 Dungeon Crawl Stone Soup version 0.21-a0-531-gacddea6 (webtiles) character file.

159 kiturien the Skirmisher (level 5, -4/46 HPs)
             Began as a Draconian Abyssal Knight on Dec 13, 2017.
             Was a Believer of Lugonu.
             Slain by a bullfrog (6 damage)
             ... in a sewer.
             The game lasted 00:06:51 (2449 turns).

kiturien the Skirmisher (Draconian Abyssal Knight)  Turns: 2449, Time: 00:06:51

Health: -4/46      AC:  5    Str: 15    XL:     5   Next: 17%
Magic:  6/6        EV: 13    Int: 12    God:    Lugonu [**....]
Gold:   175        SH:  0    Dex: 11    Spells: 4/4 levels left

rFire    . . .     SeeInvis +     - Unarmed
rCold    . . .     Gourm    .   (no shield)
rNeg     . . .     Faith    .   (armour unavailable)
rPois    .         Spirit   .   (helmet restricted)
rElec    .         Reflect  .   (no cloak)
rCorr    .         Harm     .   (no gloves)
MR       .....                  (no boots)
Stlth    +.........             (no amulet)
HPRegen  0.15/turn              j - ring of see invisible
MPRegen  0.10/turn              (no ring)

@: no status effects
A: unfitting armour, cold-blooded, AC +5
a: Depart the Abyss, Bend Space, Renounce Religion


You were in a sewer.
You worshipped Lugonu.
Lugonu was pleased with you.
You were not hungry.

You visited 1 branch of the dungeon, and saw 3 of its levels.
You visited the Abyss 1 time.
You also visited: Sewer.

You collected 175 gold pieces.

Inventory:

Jewellery
 j - a ring of see invisible (left hand)
Scrolls
 c - a scroll of teleportation
 d - a scroll of blinking {unknown}
 e - 2 scrolls of enchant weapon
 f - a scroll of amnesia
 h - a scroll of remove curse {unknown}
 k - a scroll of fog {unknown}
Potions
 i - 4 potions of curing {unknown}
 n - a potion of lignification {unknown}
 o - a potion of heal wounds {unknown}
Comestibles
 a - 3 bread rations
 l - 5 chunks of flesh
 m - 2 royal jellies


   Skills:
 + Level 4.0 Fighting
 + Level 3.2 Dodging
 + Level 0.2 Stealth
 + Level 4.0 Unarmed Combat
 + Level 2.1 Invocations


You had 4 spell levels left.
You didn't know any spells.

Dungeon Overview and Level Annotations

Branches:
Dungeon (3/15)

Altars:
Nemelex Xobeh


Innate Abilities, Weirdness & Mutations

Your plain brown scales are hard. (AC +5)
You cannot fit into any form of body armour.
You are cold-blooded and may be slowed by cold attacks.


Message History

The bullfrog barely misses you. The bullfrog hits you. x2
The bullfrog barely misses you.
You barely miss the bullfrog.
You tail-slap the bullfrog, but do no damage.
The bullfrog barely misses you. The bullfrog hits you.
The bullfrog barely misses you.
You closely miss the bullfrog. You tail-slap the bullfrog.
The bullfrog is heavily wounded.
The bullfrog barely misses you. The bullfrog hits you! The bullfrog hits you.
The bullfrog barely misses you. The bullfrog barely misses you.
You barely miss the bullfrog. The bullfrog hits you! The bullfrog hits you.
* * * LOW HITPOINT WARNING * * *
The bullfrog hits you.
* * * LOW HITPOINT WARNING * * *
It was a potion of magic.
Magic courses through your body. The bullfrog hits you!
* * * LOW HITPOINT WARNING * * *
The bullfrog hits you.
You die...

#.# #.≈≈≈≈≈≈≈≈≈$.≈ # #∩#
#.≈≈≈.≈≈≈≈≈.≈≈ # #.#
#.≈≈≈.≈≈≈≈≈≈≈≈ # #.#
#.≈≈≈.≈≈≈≈≈≈≈≈ #
##≈###.≈≈≈.≈≈≈≈≈≈≈≈ #
#...##.≈≈≈.#≈≈≈≈≈≈≈ #
#≈≈≈##.≈≈≈.#≈≈≈≈≈≈≈ #
#.≈≈##.≈≈FF###≈≈≈≈≈ #
#.≈≈##.≈≈≈@# ##### #
#≈≈.##.≈≈≈.# # #≈≈≈##≈≈≈≈≈#
#
##≈≈≈##≈≈≈≈≈################
#..≈≈≈≈≈≈≈≈≈≈...≈≈≈≈≈≈≈≈....
#.≈≈≈≈≈≈≈≈≈≈≈≈≈≈≈≈≈≈≈≈≈≈≈≈≈≈
#.≈≈≈≈≈≈≈≈≈≈≈≈≈≈≈≈≈≈≈≈≈≈≈≈≈≈
#.≈≈≈≈≈≈≈≈≈≈≈≈≈≈≈≈≈≈≈≈≈≈≈≈≈≈
#..≈.≈≈≈≈.≈≈≈.....≈..≈.≈....


You could see 2 bullfrogs.

Vanquished Creatures
  4 gnolls
  4 adders
  5 worms
  2 dart slugs (D:2)
  A leopard gecko (D:1)
  9 bats
  6 giant cockroaches
  6 goblins
  10 hobgoblins
  5 ball pythons
  7 frilled lizards
  9 kobolds
  4 rats
72 creatures vanquished.

Notes
Turn   | Place    | Note
-------+----------+-------------------------------------------
     0 | Abyss:1  | kiturien the Draconian Abyssal Knight began the quest for the Orb.
     0 | Abyss:1  | Reached XP level 1. HP: 19/19 MP: 2/2
    30 | Abyss:1  | Noticed a blink frog
    30 | D:1      | Escaped the Abyss
   213 | D:1      | Reached XP level 2. HP: 21/27 MP: 3/3
   264 | D:1      | Found a sparkling altar of Nemelex Xobeh.
   278 | D:1      | Reached * piety under Lugonu
   945 | D:2      | Reached XP level 3. HP: 31/33 MP: 4/4
  1206 | D:1      | Reached ** piety under Lugonu
  1415 | D:2      | Reached XP level 4. HP: 24/40 MP: 5/5
  2123 | D:3      | Found a glowing drain.
  2172 | Sewer    | Entered a sewer
  2297 | Sewer    | Reached XP level 5. HP: 40/46 MP: 6/6
  2449 | Sewer    | HP: 2/46 [bullfrog (7)]
  2449 | Sewer    | Slain by a bullfrog

Vault maps used:
D:1:      scummos_arrival_forest, nemelex_xobeh_ov_fountains_minmay
D:3:      first_bread, cheibrodos_sewer_entry_bend, serial_park_tiny_1
Sewer:    sewer_frog_island_01

Skill      XL: |  1  2  3  4  5 |
---------------+----------------+-----
Fighting       | 4 |  4.0
Unarmed Combat | 3 4 |  4.0
Dodging        | 3 |  3.2
Stealth        | |  0.2
Invocations    | |  2.1

Action                   |  1- 3 |  4- 6 || total
-------------------------+-------+-------++-------
Melee: Unarmed           |   138 |   131 ||   269
       Tailslap          |    11 |    18 ||    29
       Punch             |     1 |     1 ||     2
Invok: Depart the Abyss  |     1 |       ||     1
  Use: Scroll            |       |     5 ||     5
       Potion            |       |     1 ||     1
  Eat: Meat ration       |     1 |       ||     1
Armor: Skin              |    40 |    33 ||    73
Dodge: Dodged            |    96 |    84 ||   180

Table legend:
 A = Spawn XP
 B = Non-spawn XP
 C = Spawn XP percentage of total XP
 D = Spawn monster count
 E = Non-spawn monster count
 F = Spawn count percentage of total count
 G = Total turns spent on level
                    A         B        C        D         E        F      G
               +---------+---------+-------+---------+---------+-------+---------
         Total |       0 |     228 |   0.0 |       0 |      72 |   0.0 |  2449
               +---------+---------+-------+---------+---------+-------+---------
           D:1 |       0 |      82 |   0.0 |       0 |      29 |   0.0 |  1125
           D:2 |       0 |      85 |   0.0 |       0 |      24 |   0.0 |   902
           D:3 |       0 |      16 |   0.0 |       0 |       4 |   0.0 |   115
         Sewer |       0 |      45 |   0.0 |       0 |      15 |   0.0 |   277
               +---------+---------+-------+---------+---------+-------+---------
